cohdb
Replays
Latest Replays
All Replays
Popular Replays
Top Player Replays
Match Explorer
How It Works
Community
CoH3 Stats
Reddit
Sign in to upload your games and track your stats! →
Sign in with Steam
Match 45779463
Unlisted
Match 45779463
Overview
Messages
Build Orders
End
Vickers Machine Gun Team
Construct Section Command Post
Selects Indian Artillery Battlegroup
Infantry Section
Infantry Section
Vickers Machine Gun Team
Construct Platoon Command Post
Selects Towed ML 4.2-inch Heavy Mortar
Construct Field Infirmary
6-pounder Anti-tank Gun Team
Towed ML 4.2-inch Heavy Mortar
MillenniumKnight
Phil
Sauceram
STARSHOPPING
Voodoo408
pedestraim
0
0
Comments
sign in to comment!
No comments posted yet!